[Event "Late-Titled-Tuesday-Blitz-April-23-2024"]
[Site "Chess.com"]
[Date "2024.04.23"]
[Round "1"]
[White "Kombinator01"]
[Black "Casablanca"]
[Result "0-1"]
[WhiteElo "2381"]
[BlackElo "2689"]
[TimeControl "180+1"]
[EndTime "14:06:24 PDT"]
[Termination "Casablanca won by resignation"]

1. e4 c5 2. Nf3 d6 3. Bb5+ Nd7 4. O-O Nf6 5. Re1 g6 6. c3 a6 7. Bf1 e5 8. d4 Bg7 9. Na3 b5 10. Nc2 O-O 11. Bg5 h6 12. Bh4 Re8 13. dxe5 dxe5 14.
Ne3 Bb7 15. Nd5 Bxd5 16. exd5 e4 17. Nd2 g5 18. Bg3 Qb6 19. a4 Rad8 20. axb5 axb5 21. Qe2 c4 22. d6 Nc5 23. h4 Nd3 24. hxg5 hxg5 25.
b3 Qc6 26. bxc4 bxc4 27. Qe3 Qd5 28. Reb1 Ng4 29. Qb6 Bxc3 30. Ra7 Bxd2 31. d7 Rf8 32. Bd6 Ndxf2 33. Bxf8 Nh3+ 34. gxh3 Be3+ 35. Qxe3 Nxe3 36. Be7 Rxd7 37. Bf6 Rxa7 0-1

[Event "Late-Titled-Tuesday-Blitz-April-23-2024"]
[Site "Chess.com"]
[Date "2024.04.23"]
[Round "1"]
[White "Jahonas"]
[Black "marcodobrikov"]
[Result "0-1"]
[WhiteElo "2364"]
[BlackElo "2676"]
[TimeControl "180+1"]
[EndTime "14:06:25 PDT"]
[Termination "marcodobrikov won by resignation"]

1. d4 e6 2. c4 d5 3. Nf3 Nf6 4. Nc3 c6 5. cxd5 exd5 6. Bf4 Qb6 7. Qc2 Bg4 8. e3 Nbd7 9. Bd3 Bh5 10. O-O Bg6 11. Ne5 Nxe5 12. Bxe5 Nd7 13. Bg3 Be7 14. a3 a5 15. Na4 Bxd3 16. Qxd3 Qa6 17. Qc2 b5 18. Nc3 a4 19. e4 dxe4 20. Qxe4 Nf6 21.
Qe2 Ra7 22. Bd6 O-O 23. Bg3 Re8 24. Rfe1 Bxa3 25. Qxe8+ Nxe8 26. Rxe8+ Bf8 27. Bd6 Ra8 28. Rae1 f6 29. Bxf8 Rxe8 30. Rxe8 Kf7 31. Rb8 Qa7 32. Bd6 Qxd4 33. Bg3 b4 34. Rb7+ Kg6 35. h4 bxc3 36. bxc3 Qxc3 37. h5+ Kf5 38. Rxg7 a3 39. Ra7 Qb2 40.
Ra5+ Ke6 41. f3 a2 0-1

[Event "Late-Titled-Tuesday-Blitz-April-23-2024"]
[Site "Chess.com"]
[Date "2024.04.23"]
[Round "1"]
[White "platy3"]
[Black "venturov"]
[Result "1-0"]
[WhiteElo "2888"]
[BlackElo "2500"]
[TimeControl "180+1"]
[EndTime "14:06:31 PDT"]
[Termination "platy3 won by resignation"]

1. d4 Nf6 2. c4 d6 3. Nc3 Nbd7 4. e4 e5 5. Nf3 g6 6. d5 Nc5 7. Qc2 a5 8. Be3 Bg7 9. Bxc5 dxc5 10. Nxe5 O-O 11. Nf3 Re8 12. Be2 Qe7 13. Nd2 Bg4 14.
f3 Bd7 15. O-O Nh5 16. g3 Bh3 17. Rfd1 Bd4+ 18. Kh1 Qf6 19. Bf1 Bd7 20. Ne2 Bxb2 21. Rab1 Ba3 22. Rxb7 Bb4 23. Rxc7 Bxd2 24. Qxd2 Qxf3+ 25. Bg2 Qg4 26. h3 Qxe2 27. Qxe2 Nxg3+ 28. Kh2 Nxe2 29.
Rxd7 Rab8 30. Rd2 Nc3 31. d6 Nxe4 32. Bxe4 Rxe4 33. Re7 Rxe7 34. dxe7 Kg7 35. Rd8 Rb2+ 36. Kg3 Re2 37. e8=Q Rxe8 38. Rxe8 1-0

[Event "Late-Titled-Tuesday-Blitz-April-23-2024"]
[Site "Chess.com"]
[Date "2024.04.23"]
[Round "1"]
[White "kai_nov"]
[Black "VacheH009"]
[Result "1-0"]
[WhiteElo "2265"]
[BlackElo "2594"]
[TimeControl "180+1"]
[EndTime "14:06:31 PDT"]
[Termination "kai_nov won by checkmate"]

1. d4 Nf6 2. c4 g6 3. f3 Bg7 4. e4 d6 5. Nc3 O-O 6. Bg5 h6 7. Be3 e5 8. d5 Nh5 9. Qd2 f5 10. exf5 gxf5 11. O-O-O Qf6 12. Bd3 e4 13. fxe4 f4 14. Bf2 Nd7 15. Nf3 Ne5 16. Be2 Ng4 17.
Bd4 Qg6 18. Nh4 Qg5 19. Bxg7 Nxg7 20. Bxg4 Bxg4 21. Nf3 Bxf3 22. gxf3 Kh7 23. Rhg1 Qe5 24. Qg2 Kh8 25. Qg6 Qf6 26. c5 dxc5 27. d6 cxd6 28.
Rxd6 Qxg6 29. Rgxg6 h5 30. Rd7 Rg8 31. Rh6# 1-0

[Event "Late-Titled-Tuesday-Blitz-April-23-2024"]
[Site "Chess.com"]
[Date "2024.04.23"]
[Round "1"]
[White "nindjaxx8"]
[Black "chessmoo"]
[Result "1-0"]
[WhiteElo "2662"]
[BlackElo "2352"]
[TimeControl "180+1"]
[EndTime "14:06:32 PDT"]
[Termination "nindjaxx8 won by resignation"]

1. d4 d5 2. c4 c6 3. Nc3 Nf6 4. cxd5 cxd5 5. Bf4 Nc6 6. e3 a6 7. Nf3 Bf5 8. Bd3 Bxd3 9. Qxd3 e6 10. O-O Be7 11. Bg5 O-O 12. Rac1 Qa5 13. a3 Rfc8 14. Ne5 Qd8 15. Bf4 Nxe5 16. Bxe5 Nd7 17. Bg3 Nb6 18. Rc2 Rc6 19. Rfc1 Rac8 20. h3 Nc4 21. Nb1 Nxb2 22.
Qb3 Rxc2 23. Rxc2 Rxc2 24. Qxc2 Nc4 25. Qa4 h6 26. Kh2 Kf8 27. Qc2 g6 28. Bf4 Kg7 29.
Qd3 Qb6 30. e4 Nxa3 31. Nxa3 Bxa3 32. Qxa3 Qxd4 33. Qd6 Qxe4 34. Be5+ Kh7 35. Qb8 g5 36. Qh8+ Kg6 37. Qf6+ Kh5 38. g4+ 1-0

[Event "Late-Titled-Tuesday-Blitz-April-23-2024"]
[Site "Chess.com"]
[Date "2024.04.23"]
[Round "1"]
[White "MagnusCarlsen"]
[Black "komogro"]
[Result "1-0"]
[WhiteElo "3225"]
[BlackElo "2550"]
[TimeControl "180+1"]
[EndTime "14:06:33 PDT"]
[Termination "MagnusCarlsen won by resignation"]

1. d4 Nf6 2. g4 Nxg4 3. e4 d6 4. Nc3 g6 5. h4 h5 6. Nf3 Bg7 7. Ng5 Nc6 8. Bc4 e6 9. f3 Nf6 10. Be3 Bd7 11. Qd2 Qe7 12. O-O-O O-O-O 13. Rhe1 Kb8 14. d5 Ne5 15. Bf1 exd5 16. exd5 Qf8 17. a4 a6 18. Qd4 c5 19. dxc6 Nxc6 20. Qb6 Bc8 21.
Bxa6 Nd7 22. Qb5 Bxc3 23. bxc3 Qg7 24. Kb2 Nc5 25. Bxc5 dxc5 26. Qxc5 bxa6 27. Qxc6 Bb7 28. Qb6 Rc8 29. Rd4 Rc6 30. Qb3 Rhc8 31. Re7 R8c7 32. Ne6 Qe5 33. Rxc7 Rxc7 34. Nxc7 Qxc7 35. f4 Ka7 36. Qb4 Bc6 37. Qc5+ Kb7 38. Rb4+ Kc8 39.
a5 Bb5 40. Qxc7+ Kxc7 41. c4 Bc6 42. Rb6 1-0

[Event "Late-Titled-Tuesday-Blitz-April-23-2024"]
[Site "Chess.com"]
[Date "2024.04.23"]
[Round "1"]
[White "Onischuk_V"]
[Black "PedroGil25"]
[Result "1-0"]
[WhiteElo "2827"]
[BlackElo "2487"]
[TimeControl "180+1"]
[EndTime "14:06:33 PDT"]
[Termination "Onischuk_V won by resignation"]

1. e4 c5 2. Nf3 e6 3. b3 Nc6 4. Bb2 d6 5. c4 Nf6 6. Nc3 Be7 7. d4 cxd4 8. Nxd4 O-O 9. Be2 Qc7 10. O-O a6 11. Rc1 Nxd4 12. Qxd4 Bd7 13. Rfd1 Rfd8 14. Qe3 Rac8 15. Qg3 Qa5 16. Bd3 h6 17. Bb1 Qg5 18. Ne2 Qxg3 19. hxg3 Bc6 20. f3 b5 21. cxb5 axb5 22.
Nd4 Be8 23. a3 d5 24. e5 Nh5 25. Kf2 Bc5 26. g4 Nf4 27. g3 Ng6 28. f4 b4 29. axb4 Bxb4 30. Bxg6 fxg6 31. Nxe6 Rxc1 32. Rxc1 Rb8 33. Rc7 Bf7 34. Nd4 Ba5 35. Rd7 Bb6 36. f5 gxf5 37. gxf5 Be8 38. Rxd5 Rd8 39. Rxd8 Bxd8 40.
b4 Bb6 41. Ke3 Kf7 42. Kf4 Bxd4 43. Bxd4 Ba4 44. e6+ Kf8 45. Ke5 Bb5 46. Kd6 Bd3 47. g4 h5 48. gxh5 Bxf5 49. b5 Be4 50. b6 Bf3 51. Kd7 1-0

[Event "Late-Titled-Tuesday-Blitz-April-23-2024"]
[Site "Chess.com"]
[Date "2024.04.23"]
[Round "1"]
[White "koncheto"]
[Black "NitaLucian"]
[Result "0-1"]
[WhiteElo "2629"]
[BlackElo "2353"]
[TimeControl "180+1"]
[EndTime "14:06:33 PDT"]
[Termination "NitaLucian won on time"]

1. e4 d6 2. d4 Nf6 3. Bd3 e5 4.
c3 Nc6 5. Ne2 d5 6. exd5 Nxd5 7.
O-O exd4 8. cxd4 Bd6 9. Nbc3 Nxc3 10. bxc3 O-O 11. Rb1 b6 12. Be4 Bb7 13. h3 Qh4 14. Bf3 Na5 15. Bxb7 Nxb7 16. c4 Nd8 17. Be3 Nc6 18. Qa4 Ne7 19. Rbd1 Nf5 20. Bc1 Rfe8 21. Qc2 Qe4 22. Rd2 Rad8 23. Qb2 a5 24. a3 h6 25.
Qb5 Nh4 26. f3 Qe3+ 27. Kh1 Qe6 28. Qh5 Ng6 29. d5 Qe5 30. Qxe5 Bxe5 31. Nd4 Bxd4 32. Rxd4 Re2 33. Rfd1 Rd6 34. a4 Ra2 35. h4 Rxa4 36. h5 Nf8 37. Bf4 Rd7 38. Rb1 Rb4 39. Rxb4 axb4 40. Rd2 Re7 41. Rb2 Re1+ 42. Kh2 Re7 43. Rxb4 Rd7 44. d6 cxd6 45. Rxb6 d5 46. c5 Ne6 47.
Rb8+ Rd8 48. Rb7 Nxf4 49. c6 Ne6 50. c7 Rf8 51. Kg3 d4 0-1

[Event "Late-Titled-Tuesday-Blitz-April-23-2024"]
[Site "Chess.com"]
[Date "2024.04.23"]
[Round "1"]
[White "Kopytkin"]
[Black "Mischuk_D"]
[Result "0-1"]
[WhiteElo "2447"]
[BlackElo "2777"]
[TimeControl "180+1"]
[EndTime "14:06:34 PDT"]
[Termination "Mischuk_D won on time"]

1. d4 d5 2. Bg5 h6 3. Bf4 c5 4. e3 Nc6 5. c3 Nf6 6. Nd2 Bf5 7. Qb3 Qd7 8. Ngf3 c4 9. Qd1 e6 10. h3 Bd6 11. g3 O-O 12. Bg2 Be7 13. Ne5 Nxe5 14. Bxe5 Bd3 15. Bf1 Bxf1 16. Kxf1 b5 17. a3 Nh7 18. g4 a5 19. Kg2 Bd6 20. Bxd6 Qxd6 21. f4 Nf6 22. h4 g6 23. g5 Nh5 24.
Nf3 b4 25. axb4 axb4 26. Ne5 bxc3 27. bxc3 Ng7 28. Kf3 h5 29. Rh2 Nf5 30. Rha2 Rxa2 31. Rxa2 Nxh4+ 32. Kf2 Nf5 33. Ra7 Qb6 0-1

[Event "Late-Titled-Tuesday-Blitz-April-23-2024"]
[Site "Chess.com"]
[Date "2024.04.23"]
[Round "1"]
[White "IndianSchoolOfSuffering"]
[Black "secretworker2027"]
[Result "1-0"]
[WhiteElo "2416"]
[BlackElo "2691"]
[TimeControl "180+1"]
[EndTime "14:06:34 PDT"]
[Termination "IndianSchoolOfSuffering won by resignation"]

1. e4 c5 2. Nf3 Nc6 3. Bb5 d5 4. exd5 Qxd5 5. Nc3 Qe6+ 6. Qe2 Qxe2+ 7. Nxe2 Bd7 8. c3 Nf6 9. d4 cxd4 10. Nexd4 Nxd4 11. Bxd7+ Kxd7 12. Nxd4 e5 13. Nb3 Ke6 14. Be3 b6 15.
O-O-O Be7 16. Rhe1 Nd5 17. Kc2 Rhd8 18. Bc1 f5 19.
Nd4+ Kf6 20. Nc6 Rd6 21. Nxe5 Rad8 22. Nf3 h6 23. Nd4 Kg6 24. Re6+ Bf6 25. Rxd6 Rxd6 26.
Nb5 Rd7 27. Nxa7 Rxa7 28. Rxd5 Rxa2 29. Be3 Ra1 30. g3 Rg1 31. h4 Rg2 32. h5+ Kxh5 33.
Rxf5+ Kg6 34. Rb5 h5 35. Kd3 h4 36. gxh4 Bxh4 37. Rxb6+ Kh7 38. Ke2 Rg1 39. b4 Rb1 40.
Rc6 Bf6 41. Rc5 Kg8 42. b5 Kf7 43. c4 Ke6 44. Kd3 Rb3+ 45. Ke4 Kd7 46. Bd4 Be7 47. Rd5+ Ke6 48. Re5+ Kf7 49. Rd5 Ke6 50. Bxg7 Rb4 51.
Kd3 Rb3+ 52. Kc2 Rf3 53. Bd4 Rf8 54. Re5+ Kd7 55. Rxe7+ 1-0

[Event "Late-Titled-Tuesday-Blitz-April-23-2024"]
[Site "Chess.com"]
[Date "2024.04.23"]
[Round "1"]
[White "mjelcic"]
[Black "Stanbad1"]
[Result "1-0"]
[WhiteElo "2351"]
[BlackElo "2627"]
[TimeControl "180+1"]
[EndTime "14:06:35 PDT"]
[Termination "mjelcic won by resignation"]

1. c4 Nf6 2. g3 g6 3. Bg2 Bg7 4. Nf3 d6 5. O-O O-O 6. Nc3 c5 7. e4 Nc6 8. d3 Rb8 9. Re1 a6 10. d4 Bg4 11. Be3 cxd4 12. Bxd4 Nxd4 13. Qxd4 Nd7 14.
Qd2 b5 15. cxb5 axb5 16. h3 Bxf3 17. Bxf3 Ne5 18. Bg2 b4 19. Nd5 Nc4 20. Qg5 e6 21.
Qxd8 Rbxd8 22. Nxb4 Nxb2 23. Rab1 Ra8 24. e5 Nc4 25.
Bxa8 Rxa8 26. exd6 Nxd6 27. Rb3 Nf5 28. Rd3 h5 29. h4 Nd4 30. Kg2 e5 31. Rc1 Ra4 32. Rc8+ Kh7 33. Nc6 Nxc6 34. Rxc6 Rxa2 35. Rd7 Ra8 36.
Rxf7 Kh6 37. Rcc7 Rg8 38. Rce7 g5 39. Re6+ Kh7 40. hxg5 Ra8 41. Ree7 Rg8 42. Rxe5 Kg6 43. Ree7 Bd4 44. f4 h4 45. gxh4 Kh5 46. Kg3 Ra8 47. Rh7+ Kg6 48. h5+ Kf5 49. Rhf7+ 1-0

[Event "Late-Titled-Tuesday-Blitz-April-23-2024"]
[Site "Chess.com"]
[Date "2024.04.23"]
[Round "1"]
[White "KChor05"]
[Black "Francisco_Ferrari"]
[Result "1-0"]
[WhiteElo "2586"]
[BlackElo "2184"]
[TimeControl "180+1"]
[EndTime "14:06:35 PDT"]
[Termination "KChor05 won by resignation"]

1. e4 c5 2. Nf3 a6 3. c3 d5 4.
exd5 Qxd5 5. d4 Nc6 6. Be3 cxd4 7. cxd4 e6 8. Nc3 Bb4 9. Be2 Bxc3+ 10. bxc3 Nf6 11.
O-O O-O 12. c4 Qd6 13. Qc2 b5 14. d5 exd5 15. cxb5 d4 16. Rfd1 Nb4 17. Qb2 d3 18. a3 Nbd5 19. Rxd3 axb5 20. Rad1 Bf5 21. Rb3 Qe7 22.
Bg5 Rfe8 23. Rxd5 Qxe2 24. Qxe2 Rxe2 25. Rxf5 Ne4 26. Rfxb5 Nxg5 27. Rxg5 1-0

[Event "Late-Titled-Tuesday-Blitz-April-23-2024"]
[Site "Chess.com"]
[Date "2024.04.23"]
[Round "1"]
[White "adricalderon8"]
[Black "sergoy"]
[Result "0-1"]
[WhiteElo "2512"]
[BlackElo "2936"]
[TimeControl "180+1"]
[EndTime "14:06:36 PDT"]
[Termination "sergoy won by checkmate"]

1. e4 c5 2. Nf3 d6 3. Nc3 a6 4.
g3 b5 5. a4 b4 6. Nd5 Bb7 7. d3 e6 8. Ne3 Nf6 9. Bg2 Nc6 10. O-O Be7 11. d4 cxd4 12. Nxd4 Qc7 13. Nxc6 Bxc6 14. Qd3 O-O 15. Bd2 Qb7 16. f3 d5 17. e5 Nd7 18. f4 Bc5 19. Kh1 Rac8 20. b3 Ba7 21. Rae1 d4 22. Bxc6 Qxc6+ 23. Ng2 Qxc2 24.
Qxa6 Qxd2 25. Qxa7 Nc5 26. f5 Nd3 27. Qxd4 Rc2 28. Qg1 Nxe1 29. Rxe1 exf5 30. a5 Qd5 31. a6 Ra8 32. Ra1 h5 33. a7 Qc6 34. h4 Rxa7 35. Rxa7 Rc1 36. Qxc1 Qxc1+ 37. Kh2 Qb2 38. Rb7 Qxb3 39. Nf4 Qc2+ 40. Kh3 Qe4 41. e6 Qh1# 0-1

[Event "Late-Titled-Tuesday-Blitz-April-23-2024"]
[Site "Chess.com"]
[Date "2024.04.23"]
[Round "1"]
[White "stasOR4ik"]
[Black "attack2mateU"]
[Result "1-0"]
[WhiteElo "2441"]
[BlackElo "2717"]
[TimeControl "180+1"]
[EndTime "14:06:38 PDT"]
[Termination "stasOR4ik won on time"]

1. e4 c5 2. c3 Nf6 3. e5 Nd5 4. Nf3 d6 5. Bb5+ Bd7 6. Bc4 e6 7. d4 dxe5 8. Nxe5 Nc6 9. Nxd7 Qxd7 10. O-O cxd4 11. cxd4 Be7 12. Nc3 Nb6 13. Bb5 a6 14.
Bd3 Nxd4 15. Be3 Rd8 16. Qg4 O-O 17. Rad1 f5 18. Qh3 e5 19. f4 exf4 20. Rxf4 Bg5 21. Bxd4 Qc7 22. Rxf5 Rxd4 23. Rxf8+ Kxf8 24. Rf1+ Bf6 25. Qxh7 Nd7 26. Bg6 Ke7 27. Qg8 Qc5 28. Kh1 Kd6 29.
Ne4+ Rxe4 30. Bxe4 Kc7 31. Qf7 Qd4 32. Bf5 1-0

[Event "Late-Titled-Tuesday-Blitz-April-23-2024"]
[Site "Chess.com"]
[Date "2024.04.23"]
[Round "1"]
[White "protectiago"]
[Black "whiteglovethief"]
[Result "0-1"]
[WhiteElo "2057"]
[BlackElo "2565"]
[TimeControl "180+1"]
[EndTime "14:06:38 PDT"]
[Termination "whiteglovethief won on time"]

1. d4 Nf6 2. c4 c5 3. d5 b5 4. cxb5 a6 5. bxa6 g6 6. g3 Bg7 7. Bg2 O-O 8. d6 Rxa6 9. dxe7 Qxe7 10. Nc3 Nc6 11. Nf3 Ne4 12. Nd5 Qd8 13. O-O d6 14.
Nh4 f5 15. Nf3 Be6 16. h4 Nd4 17. Nf4 Bxa2 18. Nxd4 Bxd4 19. Rxa2 Rxa2 20. Qb3+ Kh8 21. Qxa2 Qf6 22. Nd5 Qe6 23. Bh6 Rb8 24. Qa7 Rxb2 25. Qa8+ Qg8 26. Qa7 Qxd5 27. e3 Bf6 28. Ra1 Kg8 29.
Bf1 Nxf2 30. Qa8+ Qxa8 31. Rxa8+ Kf7 32. Bc4+ Ke7 33. Bf8+ Kd7 34. Ra7+ Kc6 35. Rxh7 Ng4 36. Rf7 d5 37. Bf1 c4 38. Bh3 Be5 39. Bxg4 fxg4 0-1

[Event "Late-Titled-Tuesday-Blitz-April-23-2024"]
[Site "Chess.com"]
[Date "2024.04.23"]
[Round "1"]
[White "NovakRatko"]
[Black "profedechess93"]
[Result "0-1"]
[WhiteElo "2380"]
[BlackElo "2687"]
[TimeControl "180+1"]
[EndTime "14:06:39 PDT"]
[Termination "profedechess93 won by checkmate"]

1. d4 d5 2. c4 c6 3. cxd5 cxd5 4. Nc3 Nf6 5. f3 Nc6 6. e4 e6 7. e5 Ng8 8. f4 Nge7 9. Nf3 Nf5 10. Bb5 h5 11.
O-O Bd7 12. Ba4 Qb6 13. Kh1 Ncxd4 14. Bxd7+ Kxd7 15. Ng5 h4 16. Na4 Qc6 17. Nxf7 Rh7 18. Ng5 Rh6 19. Nf7 Ng3+ 20. hxg3 hxg3+ 21. Nxh6 Bc5 22. Nxc5+ Qxc5 23. Be3 Rh8 24. Qxd4 Rxh6+ 25. Kg1 Qe7 26. Qxa7 Rh1+ 27. Kxh1 Qh4+ 28. Kg1 Qh2# 0-1

[Event "Late-Titled-Tuesday-Blitz-April-23-2024"]
[Site "Chess.com"]
[Date "2024.04.23"]
[Round "1"]
[White "miraitrunks"]
[Black "woodpusher52"]
[Result "0-1"]
[WhiteElo "2188"]
[BlackElo "2589"]
[TimeControl "180+1"]
[EndTime "14:06:40 PDT"]
[Termination "woodpusher52 won by resignation"]

1. e4 c5 2. Nf3 d6 3. d4 cxd4 4.
Nxd4 Nf6 5. Nc3 Bd7 6. f3 Nc6 7. Be3 Rc8 8. Qd2 g6 9. O-O-O Qa5 10. Kb1 Bg7 11. h4 h5 12. Nb3 Qc7 13. Bg5 Be6 14. Bb5 a6 15. Bxc6+ bxc6 16. Nd4 Bd7 17. f4 Bg4 18.
Rde1 O-O 19. e5 dxe5 20. fxe5 Nd5 21. e6 f5 22. Bh6 Nxc3+ 23. bxc3 Rb8+ 24. Nb3 Rfd8 25.
Bxg7 Rxd2 26. Be5 Rd6 27. Bxd6 Qxd6 0-1

[Event "Late-Titled-Tuesday-Blitz-April-23-2024"]
[Site "Chess.com"]
[Date "2024.04.23"]
[Round "1"]
[White "HamedWafa4"]
[Black "Valiyev_Shahin"]
[Result "1-0"]
[WhiteElo "2726"]
[BlackElo "2408"]
[TimeControl "180+1"]
[EndTime "14:06:41 PDT"]
[Termination "HamedWafa4 won by resignation"]

1. e4 c5 2. Nf3 d6 3. d4 cxd4 4. Nxd4 e6 5. c4 Nf6 6. Nc3 Be7 7. Be3 O-O 8. Be2 a6 9. O-O b6 10. f4 Bb7 11. Bf3 Qc7 12. Rc1 Nbd7 13. b3 Rac8 14. g4 Nc5 15. Qc2 Qb8 16. g5 Ne8 17.
h4 b5 18. cxb5 axb5 19. Ndxb5 Ba6 20. a4 Nc7 21. Bxc5 Nxb5 22. axb5 Bxb5 23. Bd4 Bxf1 24. Rxf1 Qb4 25. Qd3 Qxb3 26. Rd1 Bd8 27. Nb5 Qxd3 28.
Rxd3 Be7 29. f5 e5 30. Bf2 Rfd8 31. Nc3 Bf8 32. Nd5 Rc1+ 33. Kg2 Rdc8 34. f6 R1c2 35.
Bg4 Ra8 36. Rf3 gxf6 37. gxf6 Bh6 38. Bf5 Rb2 39. Rg3+ Kf8 40. Bxh7 Rxf2+ 41. Kxf2 Ra2+ 42. Kf1 Ra1+ 43. Ke2 Ra2+ 44. Kd1 Ke8 45. Rg8+ Kd7 46. Bf5+ Kc6 47. Rc8+ Kb5 48. Bd7+ 1-0

[Event "Late-Titled-Tuesday-Blitz-April-23-2024"]
[Site "Chess.com"]
[Date "2024.04.23"]
[Round "1"]
[White "kaanadayhamle"]
[Black "temiksmozg"]
[Result "0-1"]
[WhiteElo "2412"]
[BlackElo "2714"]
[TimeControl "180+1"]
[EndTime "14:06:41 PDT"]
[Termination "temiksmozg won by resignation"]

1. d4 d5 2. Nf3 Nf6 3. g3 Bf5 4. Bg2 e6 5. O-O h6 6. c3 Be7 7. Ne5 O-O 8. f4 c5 9. e3 Qb6 10. Nd2 Nc6 11. Ndf3 Rfd8 12. Nxc6 bxc6 13. Ne5 cxd4 14.
exd4 c5 15. dxc5 Bxc5+ 16. Kh1 Rac8 17. Qe2 d4 18. cxd4 Bxd4 19. h3 Nd7 20. Nf3 Bf6 21. Be3 Qxb2 22. Qxb2 Bxb2 23. Rad1 Nb6 24. Ne5 Rxd1 25. Rxd1 Nc4 26. Nxc4 Rxc4 27. Bxa7 Ra4 28. Be3 Rxa2 29. g4 Bg6 30. Bd4 Bxd4 31. Rxd4 f6 32.
f5 Bf7 33. Rd8+ Kh7 34. fxe6 Bxe6 35. Be4+ g6 36. Re8 Bf7 37. Re7 Ra1+ 38. Kh2 Kg8 39. Kg3 Ra5 40. Kf4 Ra4 41. Kf3 Kf8 42. Rb7 Ra3+ 43.
Kg2 Re3 44. Rb8+ Kg7 45. Bf3 f5 46. gxf5 gxf5 47. Rb6 Rc3 48. Rc6 Rxf3 49. Kxf3 0-1

[Event "Late-Titled-Tuesday-Blitz-April-23-2024"]
[Site "Chess.com"]
[Date "2024.04.23"]
[Round "1"]
[White "Babbelbox"]
[Black "Der_Balak_3Halak"]
[Result "1-0"]
[WhiteElo "2733"]
[BlackElo "2426"]
[TimeControl "180+1"]
[EndTime "14:06:43 PDT"]
[Termination "Babbelbox won by resignation"]

1. d4 d5 2. c4 c6 3. Nf3 Nf6 4. e3 Bf5 5. Nc3 e6 6. Nh4 Bg4 7. Qb3 Qc7 8. h3 Bh5 9. g4 Bg6 10. Nxg6 hxg6 11. Bg2 Nbd7 12. Bd2 Bd6 13. O-O-O O-O-O 14. Kb1 Kb8 15. Rc1 Qb6 16. Qa4 Qb4 17. Qc2 Qxc4 18. Bf1 Qb4 19. Nxd5 exd5 20. Bxb4 Bxb4 21. Bd3 Rde8 22. a3 Bd6 23. Qe2 Ne4 24. Bxe4 Rxe4 25. Qf3 f6 26. h4 Nf8 27. h5 gxh5 28. gxh5 Ne6 29. Rcg1 Ng5 30. Qf5 Rh6 31. Rxg5 fxg5 32. Qxg5 Re7 33. Rg1 Rf6 34. Qh4 a5 35. Rg6 Rxg6 36.
hxg6 Ka7 37. Qg4 Kb8 38. Qf5 Kc7 39. Kc2 b5 40. Kd3 b4 41. a4 Re8 42. Qf7+ Re7 43.
Qg8 Kb7 44. Qd8 1-0

[Event "Late-Titled-Tuesday-Blitz-April-23-2024"]
[Site "Chess.com"]
[Date "2024.04.23"]
[Round "1"]
[White "jaramsdal"]
[Black "Bykov_Egor"]
[Result "0-1"]
[WhiteElo "2257"]
[BlackElo "2615"]
[TimeControl "180+1"]
[EndTime "14:06:43 PDT"]
[Termination "Bykov_Egor won by resignation"]

1. e4 e5 2. Nf3 Nc6 3. Bc4 Bc5 4.
d3 Nf6 5. c3 O-O 6. O-O d5 7.
exd5 Nxd5 8. Re1 Bg4 9. h3 Bh5 10. Nbd2 Nb6 11. Bb5 Bd6 12. Ne4 a6 13. Bxc6 bxc6 14.
Ng3 Bg6 15. Nxe5 Bxe5 16. Rxe5 Bxd3 17. Bg5 f6 18. Re3 Bg6 19. Bf4 Nd5 20. Rf3 Bf7 21.
Rd3 Qc8 22. Qf3 Rb8 23. b3 Re8 24. Bd2 Bg6 25. Rd4 Qe6 26. Re1 Qf7 27. Rxe8+ Qxe8 28. c4 Nb6 29. h4 c5 30. Rf4 Rd8 31. Bc3 Rd3 32. Re4 Bxe4 33. Qxe4 Qxe4 34. Nxe4 f5 35. Nxc5 Rxc3 0-1

[Event "Late-Titled-Tuesday-Blitz-April-23-2024"]
[Site "Chess.com"]
[Date "2024.04.23"]
[Round "1"]
[White "Noki102"]
[Black "gmcorrales"]
[Result "1-0"]
[WhiteElo "2514"]
[BlackElo "2866"]
[TimeControl "180+1"]
[EndTime "14:06:44 PDT"]
[Termination "Noki102 won by checkmate"]

1. d4 Nf6 2. Nc3 d5 3. Bf4 a6 4. e3 b6 5. a3 Bb7 6. b4 h6 7.
h3 Nbd7 8. Nf3 g5 9. Bh2 Bg7 10.
Bd3 Ne4 11. Bxe4 dxe4 12. Nd2 O-O 13. h4 e6 14. hxg5 Qxg5 15. Bg3 f5 16. Qe2 e5 17. Qc4+ Rf7 18. O-O-O exd4 19. exd4 b5 20. Qxc7 Ne5 21. Qb6 Ng6 22. Kb2 Rc8 23. Nb3 f4 24. Bh2 Qxg2 25.
Rdg1 Qf3 26. Nc5 Rc6 27. Qd8+ Rf8 28. Qd5+ Kh7 29. Qxe4 Rxc5 30. Qxg6+ Kh8 31. Qxg7# 1-0

[Event "Late-Titled-Tuesday-Blitz-April-23-2024"]
[Site "Chess.com"]
[Date "2024.04.23"]
[Round "1"]
[White "JaackCamel"]
[Black "chucksterf10"]
[Result "0-1"]
[WhiteElo "2216"]
[BlackElo "2603"]
[TimeControl "180+1"]
[EndTime "14:06:46 PDT"]
[Termination "chucksterf10 won by resignation"]

1. d4 Nf6 2. c4 b6 3. Nf3 Bb7 4. Nc3 e6 5. Qc2 Bb4 6. a3 Bxc3+ 7. Qxc3 O-O 8. Bg5 h6 9. Bh4 d5 10. e3 Nbd7 11. cxd5 exd5 12. Bd3 c5 13. O-O Re8 14. h3 Rc8 15. Rfc1 Qe7 16. Qd2 Ne4 17. Bxe7 Nxd2 18.
Nxd2 Rxe7 19. dxc5 bxc5 20. Bf5 g6 21. Bg4 f5 22. Bf3 Ne5 23. Be2 Kf7 24. Nb3 Rec7 25. Rd1 Ke6 26. Rac1 Kd6 27. Nd2 Bc6 28. Nc4+ Nxc4 29.
Bxc4 Ke5 30. Ba6 Bb7 31. Bxb7 Rxb7 32. Rd2 c4 33. Rcd1 Rc5 34. Kf1 Rb3 35. Ke1 Rcb5 36.
Kf1 Rxb2 37. Rxb2 Rxb2 38. Ra1 c3 39. Ke1 d4 40. exd4+ Kxd4 41. Rd1+ Kc4 42. Rd7 Rb1+ 43. Ke2 c2 44. Rc7+ Kb3 45. Kd2 Rd1+ 46. Ke2 c1=Q 47. Rb7+ Ka2 0-1

[Event "Late-Titled-Tuesday-Blitz-April-23-2024"]
[Site "Chess.com"]
[Date "2024.04.23"]
[Round "1"]
[White "carokannlover213"]
[Black "sassassasss"]
[Result "1-0"]
[WhiteElo "2785"]
[BlackElo "2450"]
[TimeControl "180+1"]
[EndTime "14:06:47 PDT"]
[Termination "carokannlover213 won by resignation"]

1. e4 Nc6 2. d4 d6 3. f3 e5 4. d5 Nce7 5. c4 Ng6 6. Nc3 Be7 7. Be3 Bg5 8. Bf2 h6 9. g3 f5 10. h4 Be7 11. exf5 Bxf5 12. Bd3 Qd7 13. Qc2 Bxd3 14. Qxd3 Nf8 15. O-O-O Nf6 16. Be3 a6 17. Nge2 O-O-O 18.
g4 Kb8 19. Ng3 g6 20. Bf2 h5 21. g5 Ne8 22. Qe3 b6 23. Qd3 Ng7 24. Kb1 Nf5 25.
Nge4 Qc8 26. Ka1 Nd7 27. b4 Bf8 28. Rb1 Bg7 29. c5 dxc5 30. bxc5 Nd4 31. d6 Ka7 32. c6 Nb8 33. d7 Nxd7 34. cxd7 Rxd7 35. Bxd4 Rxd4 36. Qc2 Rf8 37. Rhf1 Rf4 38. Ne2 Rxh4 39.
Nxd4 exd4 40. Nf6 Qe6 41. Qxc7+ 1-0

[Event "Late-Titled-Tuesday-Blitz-April-23-2024"]
[Site "Chess.com"]
[Date "2024.04.23"]
[Round "1"]
[White "HipsterChess22"]
[Black "BabageldiAnnaberdiyev"]
[Result "0-1"]
[WhiteElo "2235"]
[BlackElo "2605"]
[TimeControl "180+1"]
[EndTime "14:06:47 PDT"]
[Termination "BabageldiAnnaberdiyev won on time"]

1. d4 e6 2. Nc3 f5 3. e4 Bb4 4. exf5 exf5 5. Nf3 Nf6 6. Bd3 O-O 7. O-O d6 8. a3 Bxc3 9. bxc3 Nc6 10. Bg5 h6 11. Bd2 Ne4 12. Bc4+ d5 13. Bb5 Bd7 14. Bxc6 Bxc6 15. Ne5 Be8 16. f3 Nd6 17. Re1 Bf7 18. Qc1 Kh7 19. a4 a5 20. Re2 b6 21.
Qa3 Qh4 22. Be1 Qg5 23. Bd2 f4 24. Rae1 Bg6 25. Qc1 Be8 26. Nd3 Bxa4 27. Bxf4 Qf6 28. Re7 Rae8 29. Bxd6 Qxd6 30. Rxe8 Bxe8 31. Qe3 Bg6 32.
Qe6 Qxe6 33. Rxe6 a4 34. Re1 Ra8 35. Ra1 a3 36. Kf2 Ra5 37. Ke3 c5 38. Kd2 h5 0-1

[Event "Late-Titled-Tuesday-Blitz-April-23-2024"]
[Site "Chess.com"]
[Date "2024.04.23"]
[Round "1"]
[White "alex1531"]
[Black "Zhigalko_Sergei"]
[Result "1/2-1/2"]
[WhiteElo "2517"]
[BlackElo "2911"]
[TimeControl "180+1"]
[EndTime "14:06:49 PDT"]
[Termination "Game drawn by repetition"]

1. d4 Nf6 2. Bg5 d5 3. Bxf6 exf6 4. e3 Bd6 5. g3 O-O 6. Bg2 c6 7. Ne2 Nd7 8. O-O f5 9. b3 Nf6 10. c4 Be6 11. Qd3 Ne4 12. Nbc3 Re8 13. cxd5 cxd5 14. Nb5 Bb8 15. Rac1 a6 16. Nbc3 Bd6 17.
Nf4 Qa5 18. Nxe6 fxe6 19. Nxe4 fxe4 20. Qe2 Rac8 21. Bh3 Qd8 22. Qg4 g6 23. Qxe6+ Rxe6 24. Bxe6+ Kg7 25. Rxc8 Qa5 26. Rfc1 Ba3 27. R1c7+ Kf6 28.
Bg4 h5 29. Bh3 Qe1+ 30. Kg2 g5 31. Rxb7 g4 32. Rc6+ Kg5 33. Rg7+ Kf5 34. Rf7+ Kg5 35. Rg7+ Kf5 36. Rf7+ Kg5 37. Rg7+ 1/2-1/2